Punishers vs Blackdemons
Created - November 28, 2018 at 19:01
Goals
|
| Punishers |
0 |
2 |
2 |
0 |
4 |
| Blackdemons |
0 |
3 |
1 |
1 |
5 |
|
Shots
|
| Punishers |
4 |
9 |
6 |
0 |
19 |
| Blackdemons |
7 |
16 |
14 |
1 |
38 |
|
1st period
No Goal
Penalties :
Ladislav Nagy (MJM) for Tripping (Minor) at 16:15
2nd period
1. Punishers , Zack Hamill 14 (David Laliberté 9) at 3:10
2. Blackdemons , Yannick Weber 1 (Alexei Morozov 23, Zachary Sanford 7) at 9:47 (PP)
3. Blackdemons , Alexei Morozov 12 (Patrice Cormier 16) at 16:05 (PP)
4. Punishers , Adam Pelech 2 (Unassisted) at 16:19
5. Blackdemons , Max Friberg 10 (Sergei Plotnikov 15, Kyle Rau 6) at 18:37
Penalties :
Tyler Bertuzzi (Pro) for Hooking (Minor) at 6:06, Robbie Earl (Pro) for Roughing (Minor) at 9:41, Jordan Schmaltz (Pro) for Tripping (Minor) at 11:12, Madison Bowey (Pro) for Diving (Minor) at 15:21, Boone Jenner (Pro) for Roughing (Minor) at 16:25
3rd period
6. Punishers , David Laliberté 9 (Zack Hamill 24, Robbie Earl 8) at 5:20
7. Punishers , Miikka Salomaki 7 (Stefan Elliott 8, Kristers Gudlevskis) at 14:06
8. Blackdemons , Max Friberg 11 (Sergei Plotnikov 16, Scott Timmins 10) at 18:16
Penalties :
Boone Jenner (Pro) for Elbowing (Minor) at 6:25, Mattias Tedenby (Pro) for Tripping (Minor) at 19:26
Overtime #1
9. Blackdemons , Patrice Cormier 10 (Alexei Morozov 24, Roman Josi 4) at 0:45 (PP)
Penalties :
Robbie Earl (Pro) for Hooking (Minor) at 0:05
Goalie Stats
Kristers Gudlevskis (Pro), 33 saves from 38 shots - (0.868), OTL, 3-9-2, 60:45 minutes
Matt Hackett (MJM), 15 saves from 19 shots - (0.789), W, 11-2-0, 60:45 minutes
Players Stats for Punishers
Player Name G A P +/- PIM S H SB GA TA FO MP PP MP PK MP
------------------------------------------------------------------------------------
Adam Pelech 1 0 1 1 0 2 0 0 1 1 0/0 25:25 0:51 4:13
Boone Jenner 0 0 0 0 4 1 1 1 0 0 10/20 19:36 0:55 0:00
Carter Ashton 0 0 0 -1 0 0 0 0 0 0 2/2 10:05 0:00 3:41
Colton Gillies 0 0 0 0 0 0 0 0 0 0 3/10 4:56 0:00 4:56
David Laliberté 1 1 2 1 0 2 2 1 3 2 0/2 15:29 0:55 2:29
Dylan DeMelo 0 0 0 0 0 0 0 0 0 0 0/0 11:42 0:00 0:00
Garret Ross 0 0 0 0 0 3 3 0 1 0 0/0 15:25 0:00 1:54
Jordan Schmaltz 0 0 0 0 2 0 1 0 2 0 0/0 18:00 1:08 2:29
Madison Bowey 0 0 0 1 2 0 1 2 0 1 0/0 22:29 0:00 5:51
Mark Jankowski 0 0 0 0 0 2 1 0 0 0 4/8 12:54 0:00 0:00
Mattias Tedenby 0 0 0 1 2 0 1 0 1 0 2/2 19:20 1:04 0:00
Miikka Salomaki 1 0 1 0 0 4 1 0 0 0 0/0 12:00 0:00 0:00
Patrick Wiercioch 0 0 0 0 0 0 0 1 0 0 0/0 12:50 1:08 0:00
Radek Faksa 0 0 0 0 0 0 2 0 0 0 0/0 8:16 0:00 1:42
Robbie Earl 0 1 1 0 4 1 4 0 0 0 1/2 24:51 1:04 4:40
Stefan Elliott 0 1 1 2 0 0 2 2 2 1 0/0 27:07 0:51 6:57
Trevor Van Riemsdyk 0 0 0 0 0 0 0 0 0 0 0/0 4:19 0:00 0:38
Tyler Bertuzzi 0 0 0 2 2 0 2 1 0 0 0/0 16:05 0:55 0:00
Zack Hamill 1 1 2 2 0 4 1 0 0 0 8/12 11:58 1:04 0:00
Players Stats for Blackdemons
Player Name G A P +/- PIM S H SB GA TA FO MP PP MP PK MP
------------------------------------------------------------------------------------
Alexandre Grenier 0 0 0 0 0 2 0 0 0 1 1/1 14:53 0:00 0:00
Alexei Morozov 1 2 3 -3 0 6 5 0 0 0 1/1 17:31 5:17 0:00
Blake Pietila 0 0 0 0 0 6 0 0 0 0 2/2 21:40 4:41 0:52
Brett Kulak 0 0 0 1 0 0 1 1 0 2 0/0 10:55 0:00 0:00
Charles-Olivier Roussel 0 0 0 0 0 0 0 1 0 0 0/0 5:41 0:00 0:56
Hudson Fasching 0 0 0 -1 0 1 1 1 0 0 0/0 17:28 4:27 0:00
Jeffrey Foss 0 0 0 0 0 1 1 2 0 1 0/0 19:47 5:06 1:03
Keaton Ellerby 0 0 0 -3 0 2 2 0 1 1 0/0 26:05 4:52 0:56
Kyle Rau 0 1 1 2 0 1 1 0 1 0 2/4 9:04 0:00 0:46
Ladislav Nagy 0 0 0 -1 2 1 2 0 0 1 0/1 12:56 0:00 0:00
Martin Hanzal 0 0 0 0 0 4 0 0 0 1 10/26 20:32 4:41 0:00
Max Friberg 2 0 2 2 0 2 0 0 2 0 0/0 8:42 0:16 0:00
Patrice Cormier 1 1 2 -3 0 4 1 1 0 0 11/17 18:11 5:17 1:12
Robbie Russo 0 0 0 0 0 0 1 0 0 0 0/0 3:58 0:00 0:00
Roman Josi 0 1 1 -3 0 3 0 0 0 2 0/0 24:22 4:52 0:00
Scott Timmins 0 1 1 -1 0 2 0 0 0 0 1/5 12:35 0:00 0:00
Sergei Plotnikov 0 2 2 2 0 0 1 0 1 1 0/0 9:25 0:00 1:07
Tommy Vannelli 0 0 0 1 0 0 0 0 0 0 0/0 10:55 0:00 0:00
Yannick Weber 1 0 1 0 0 1 2 3 0 0 0/0 19:47 5:06 1:03
Zachary Sanford 0 1 1 -3 0 2 0 0 0 0 0/1 17:12 5:15 0:01
3 Stars
1 - Max Friberg (MJM)
2 - Zack Hamill (Pro)
3 - Alexei Morozov (MJM)
Power Play
Punishers - 0 on 1 Attempt(s) - 0.00%
Blackdemons - 3 on 9 Attempt(s) - 33.33%
Penalty Kill
Punishers - 6 on 9 Attempt(s) - 66.67%
- Score 0 goal in Penalty Kill
Blackdemons - 1 on 1 Attempt(s) - 100.00%
- Score 0 goal in Penalty Kill
Team Stat
Punishers - Hits : 22 - Faceoff Wins : 30 - Blocked Shots : 8 - Penalty Minutes : 16
Blackdemons - Hits : 18 - Faceoff Wins : 28 - Blocked Shots : 9 - Penalty Minutes : 2
Official
Referees : Unknown
Linesman : Unknown
Game Notes
16:19 of 2nd period - Penalty Shot by Adam Pelech for Punishers - Goal!
Finance
Level 1 -- Attendance: 1453 (72.65%) -- Ticket Income $58,120
Level 2 -- Attendance: 708 (70.80%) -- Ticket Income $14,160
Total Attendance: 2161 (72.03%)
Total Ticket Income: $72,280
Other Income: $3,614
Total Income: $75,894
Punishers
5 vs 5 Forward
Center Left Wing Right Wing Time % Phy DF OF
1 Boone Jenner Robbie Earl Mattias Tedenby 40 0 2 3
2 Zack Hamill Tyler Bertuzzi David Laliberté 30 0 2 3
3 Mark Jankowski Garret Ross Miikka Salomaki 20 0 2 3
4 Radek Faksa Tyler Bertuzzi Carter Ashton 10 0 2 3
5 vs 5 Defense
Defense Defense Time % Phy DF OF
1 Stefan Elliott Adam Pelech 40 0 3 2
2 Madison Bowey Jordan Schmaltz 30 0 3 2
3 Patrick Wiercioch Dylan DeMelo 20 0 3 2
4 Trevor Van Riemsdyk Madison Bowey 10 0 3 2
PowerPlay Forward
Center Left Wing Right Wing Time % Phy DF OF
1 Zack Hamill Robbie Earl Mattias Tedenby 60 0 1 4
2 Boone Jenner Tyler Bertuzzi David Laliberté 40 0 2 3
PowerPlay Defense
Defense Defense Time % Phy DF OF
1 Stefan Elliott Adam Pelech 60 0 2 3
2 Jordan Schmaltz Patrick Wiercioch 40 0 2 3
Penalty Kill 4 Players Forward
Center Wing Time % Phy DF OF
1 Colton Gillies Robbie Earl 60 0 4 1
2 David Laliberté Carter Ashton 40 0 4 1
Penalty Kill 4 Players Defense
Defense Defense Time % Phy DF OF
1 Madison Bowey Stefan Elliott 60 0 4 1
2 Jordan Schmaltz Adam Pelech 40 0 4 1
Penalty Kill - 3 Players Forward
Forward Time % Phy DF OF
1 Robbie Earl 60 0 4 1
2 Colton Gillies 40 0 5 0
Penalty Kill - 3 Players Defense
Defense Defense Time % Phy DF OF
1 Madison Bowey Stefan Elliott 60 0 5 0
2 Jordan Schmaltz Adam Pelech 40 0 5 0
4 vs 4 Forward
Center Wing Time % Phy DF OF
1 Zack Hamill Mattias Tedenby 60 0 2 3
2 David Laliberté Robbie Earl 40 0 2 3
4 vs 4 Defense
Defense Defense Time % Phy DF OF
1 Jordan Schmaltz Adam Pelech 60 0 3 2
2 Madison Bowey Patrick Wiercioch 40 0 3 2
Last Minutes Offensive
Center Left Wing Right Wing Defense Defense
Zack Hamill Robbie Earl Mattias Tedenby Stefan Elliott Jordan Schmaltz
Last Minutes Defensive
Center Left Wing Right Wing Defense Defense
Zack Hamill Robbie Earl Carter Ashton Madison Bowey Stefan Elliott
Goaltenders
Starting : Kristers Gudlevskis
Backup : Louis Domingue
Extra Forwards
Normal : Tyler Bertuzzi, Robbie Earl, Mattias Tedenby - PP : Tyler Bertuzzi, Mattias Tedenby - PK : Carter Ashton
Extra Defensemen
Normal : Madison Bowey, Jordan Schmaltz, Adam Pelech - PP : Madison Bowey - PK : Adam Pelech, Madison Bowey
Penalty Shots
Mattias Tedenby, Boone Jenner, Zack Hamill, Robbie Earl, David Laliberté
Scratches
Dan Bertram (Healthy), John Macfarland (Healthy), Daniel Altshuller (Healthy)
Blackdemons
5 vs 5 Forward
Center Left Wing Right Wing Time % Phy DF OF
1 Martin Hanzal Blake Pietila Alexandre Grenier 37 0 1 4
2 Patrice Cormier Zachary Sanford Alexei Morozov 29 0 1 3
3 Scott Timmins Ladislav Nagy Hudson Fasching 20 0 2 3
4 Kyle Rau Sergei Plotnikov Max Friberg 14 0 1 4
5 vs 5 Defense
Defense Defense Time % Phy DF OF
1 Keaton Ellerby Roman Josi 40 0 4 1
2 Jeffrey Foss Yannick Weber 30 0 4 1
3 Tommy Vannelli Brett Kulak 22 0 5 0
4 Charles-Olivier Roussel Robbie Russo 8 0 5 0
PowerPlay Forward
Center Left Wing Right Wing Time % Phy DF OF
1 Patrice Cormier Zachary Sanford Alexei Morozov 50 0 0 5
2 Martin Hanzal Blake Pietila Hudson Fasching 50 0 0 5
PowerPlay Defense
Defense Defense Time % Phy DF OF
1 Jeffrey Foss Yannick Weber 50 0 1 4
2 Keaton Ellerby Roman Josi 50 0 1 4
Penalty Kill 4 Players Forward
Center Wing Time % Phy DF OF
1 Patrice Cormier Ladislav Nagy 50 0 5 0
2 Kyle Rau Sergei Plotnikov 50 0 5 0
Penalty Kill 4 Players Defense
Defense Defense Time % Phy DF OF
1 Yannick Weber Jeffrey Foss 50 0 5 0
2 Charles-Olivier Roussel Keaton Ellerby 50 0 5 0
Penalty Kill - 3 Players Forward
Forward Time % Phy DF OF
1 Alexei Morozov 60 0 5 0
2 Martin Hanzal 40 0 5 0
Penalty Kill - 3 Players Defense
Defense Defense Time % Phy DF OF
1 Yannick Weber Roman Josi 60 0 5 0
2 Jeffrey Foss Keaton Ellerby 40 0 5 0
4 vs 4 Forward
Center Wing Time % Phy DF OF
1 Alexei Morozov Martin Hanzal 50 1 2 2
2 Ladislav Nagy Patrice Cormier 50 1 2 2
4 vs 4 Defense
Defense Defense Time % Phy DF OF
1 Keaton Ellerby Roman Josi 50 1 2 2
2 Yannick Weber Jeffrey Foss 50 1 2 2
Last Minutes Offensive
Center Left Wing Right Wing Defense Defense
Martin Hanzal Ladislav Nagy Alexei Morozov Roman Josi Keaton Ellerby
Last Minutes Defensive
Center Left Wing Right Wing Defense Defense
Martin Hanzal Ladislav Nagy Alexei Morozov Roman Josi Keaton Ellerby
Goaltenders
Starting : Matt Hackett
Backup : Laurent Brossoit
Extra Forwards
Normal : Max Friberg, Scott Timmins, Blake Pietila - PP : Max Friberg, Scott Timmins - PK : Blake Pietila
Extra Defensemen
Normal : Yannick Weber, Roman Josi, Jeffrey Foss - PP : Yannick Weber - PK : Roman Josi, Jeffrey Foss
Penalty Shots
Alexei Morozov, Martin Hanzal, Ladislav Nagy, Sergei Plotnikov, Zachary Sanford
Scratches
Colin Smith (Healthy), Mathew Dumba (Lower Body Injury), Klas Dahlbeck (Healthy), Remi Elie (Healthy), Jyrki Jokipakka (Healthy)
Mackenzie MacEachern (Healthy), Ben Maxwell (Healthy), Nicolas Deschamps (Healthy), Angelo Esposito (Healthy), Jacob Lagacé (Healthy)
James Livingstone (Healthy), Ebbe Siönäs (Healthy), Sami Aittokallio (Healthy), Jeremy Smith (Healthy)
% Time on Ice - Punishers
Lines # - Real PCT - Wanted PCT - Time Play
Normal Forward
1 - 40% - 40% - 19:26
2 - 25% - 30% - 12:05
3 - 25% - 20% - 12:00
4 - 11% - 10% - 5:11
Normal Defense
1 - 40% - 40% - 19:19
2 - 29% - 30% - 14:00
3 - 24% - 20% - 11:42
4 - 8% - 10% - 3:41
PP Forward
1 - 54% - 60% - 1:04
2 - 46% - 40% - 0:55
PP Defense
1 - 43% - 60% - 0:51
2 - 57% - 40% - 1:08
PK Forward
1 - 73% - 60% - 6:50
2 - 27% - 40% - 2:29
PK Defense
1 - 63% - 60% - 5:50
2 - 37% - 40% - 3:29
PK3 Forward
1 - 100% - 60% - 0:45
2 - 0% - 40% - 0:00
PK3 Defense
1 - 100% - 60% - 0:45
2 - 0% - 40% - 0:00
44 Forward
1 - 0% - 60%
2 - 0% - 40%
44 Defense
1 - 0% - 60%
2 - 0% - 40%
Last Minute Offensive - 0:00
Last Minute Defensive - 0:00
Total
Forward - 60:45
Defense - 60:45
|
% Time on Ice - Blackdemons
Lines # - Real PCT - Wanted PCT - Time Play
Normal Forward
1 - 31% - 37% - 14:52
2 - 27% - 29% - 12:57
3 - 26% - 20% - 12:35
4 - 17% - 14% - 8:18
Normal Defense
1 - 37% - 40% - 17:56
2 - 33% - 30% - 15:53
3 - 22% - 22% - 10:55
4 - 8% - 8% - 3:58
PP Forward
1 - 53% - 50% - 5:17
2 - 47% - 50% - 4:41
PP Defense
1 - 51% - 50% - 5:06
2 - 49% - 50% - 4:52
PK Forward
1 - 61% - 50% - 1:13
2 - 39% - 50% - 0:46
PK Defense
1 - 53% - 50% - 1:03
2 - 47% - 50% - 0:56
PK3 Forward
1 - 0% - 60%
2 - 0% - 40%
PK3 Defense
1 - 0% - 60%
2 - 0% - 40%
44 Forward
1 - 100% - 50% - 0:06
2 - 0% - 50% - 0:00
44 Defense
1 - 100% - 50% - 0:06
2 - 0% - 50% - 0:00
Last Minute Offensive - 0:00
Last Minute Defensive - 0:00
Total
Forward - 60:45
Defense - 60:45
|
Play by Play
1st period
0:01 of 1st period - Boone Jenner wins face-off versus Martin Hanzal in neutral zone.
0:04 of 1st period - Keaton Ellerby is hit by Boone Jenner and loses puck.
0:25 of 1st period - Stefan Elliott is hit by Keaton Ellerby and loses puck.
0:50 of 1st period - Snap shot by Miikka Salomaki.
0:50 of 1st period - Shot Blocked by Jeffrey Foss.
0:52 of 1st period - Slapshot by Miikka Salomaki.
0:52 of 1st period - Shot Misses the Net.
1:24 of 1st period - Martin Hanzal is hit by Jordan Schmaltz and loses puck.
1:51 of 1st period - Alexei Morozov is hit by Tyler Bertuzzi and loses puck.
2:22 of 1st period - Max Friberg is hit by Robbie Earl and loses puck.
2:51 of 1st period - Patrice Cormier is hit by Radek Faksa and loses puck.
3:18 of 1st period - Wrist shot by Miikka Salomaki.
3:18 of 1st period - Shot Misses the Net.
3:32 of 1st period - Snap shot by Scott Timmins.
3:32 of 1st period - Stopped by Kristers Gudlevskis without a rebound.
3:33 of 1st period - Zack Hamill wins face-off versus Scott Timmins in Punishers zone.
3:40 of 1st period - Snap shot by Zack Hamill.
3:40 of 1st period - Shot Misses the Net.
5:21 of 1st period - Wrist shot by Mark Jankowski.
5:21 of 1st period - Stopped by Matt Hackett with a rebound.
5:23 of 1st period - Snap shot by Adam Pelech.
5:23 of 1st period - Stopped by Matt Hackett without a rebound.
5:24 of 1st period - Blake Pietila wins face-off versus Mark Jankowski in Blackdemons zone.
5:24 of 1st period - Blake Pietila is hit by Madison Bowey.
5:30 of 1st period - Madison Bowey is hit by Brett Kulak and loses puck.
5:35 of 1st period - Wrist shot by Alexandre Grenier.
5:35 of 1st period - Stopped by Kristers Gudlevskis without a rebound.
5:36 of 1st period - Martin Hanzal wins face-off versus Boone Jenner in Punishers zone.
6:43 of 1st period - Mattias Tedenby is hit by Kyle Rau and loses puck.
8:38 of 1st period - Adam Pelech is hit by Yannick Weber and loses puck.
9:46 of 1st period - Snap shot by Scott Timmins.
9:46 of 1st period - Stopped by Kristers Gudlevskis without a rebound.
9:47 of 1st period - Scott Timmins wins face-off versus Mark Jankowski in Punishers zone.
10:12 of 1st period - Adam Pelech is hit by Robbie Russo and loses puck.
10:21 of 1st period - Snap shot by Blake Pietila.
10:21 of 1st period - Stopped by Kristers Gudlevskis with a rebound.
10:39 of 1st period - Slapshot by Alexei Morozov.
10:39 of 1st period - Shot Misses the Net.
10:41 of 1st period - Snap shot by Patrice Cormier.
10:41 of 1st period - Stopped by Kristers Gudlevskis with a rebound.
10:53 of 1st period - Kyle Rau is hit by Garret Ross and loses puck.
10:58 of 1st period - Wrist shot by Garret Ross.
10:58 of 1st period - Shot Blocked by Yannick Weber.
11:00 of 1st period - Wrist shot by Miikka Salomaki.
11:00 of 1st period - Stopped by Matt Hackett with a rebound.
11:59 of 1st period - Snap shot by Alexei Morozov.
11:59 of 1st period - Stopped by Kristers Gudlevskis with a rebound.
12:31 of 1st period - Mattias Tedenby is hit by Keaton Ellerby and loses puck.
13:27 of 1st period - Zachary Sanford is hit by Stefan Elliott and loses puck.
14:07 of 1st period - Madison Bowey is hit by Ladislav Nagy and loses puck.
14:28 of 1st period - Slapshot by Alexandre Grenier.
14:28 of 1st period - Stopped by Kristers Gudlevskis with a rebound.
14:41 of 1st period - Off-side.
14:42 of 1st period - Kyle Rau wins face-off versus Mark Jankowski in neutral zone.
16:15 of 1st period - Minor Penalty to Ladislav Nagy for Tripping.
16:16 of 1st period - Zack Hamill wins face-off versus Patrice Cormier in Blackdemons zone.
16:33 of 1st period - Jeffrey Foss is hit by Robbie Earl and loses puck.
16:52 of 1st period - Wrist shot by Mattias Tedenby.
16:52 of 1st period - Shot Misses the Net.
17:08 of 1st period - Backhand shot by Boone Jenner.
17:08 of 1st period - Stopped by Matt Hackett without a rebound.
17:09 of 1st period - Kyle Rau wins face-off versus Boone Jenner in Blackdemons zone.
17:09 of 1st period - Kyle Rau is hit by Tyler Bertuzzi.
17:27 of 1st period - Wrist shot by David Laliberté.
17:27 of 1st period - Shot Blocked by Yannick Weber.
17:47 of 1st period - Slapshot by Yannick Weber.
17:47 of 1st period - Shot Misses the Net.
17:49 of 1st period - Wrist shot by Kyle Rau.
17:49 of 1st period - Shot Misses the Net.
18:15 of 1st period - Penalty to Ladislav Nagy is over, Ladislav Nagy is back on ice.
18:31 of 1st period - Keaton Ellerby is hit by Garret Ross and loses puck.
Goals for this period are 0 for Punishers vs 0 for Blackdemons.
Shots for this period are 4 for Punishers vs 7 for Blackdemons.
2nd period
0:01 of 2nd period - Martin Hanzal wins face-off versus Boone Jenner in neutral zone.
0:06 of 2nd period - Snap shot by Martin Hanzal.
0:06 of 2nd period - Stopped by Kristers Gudlevskis without a rebound.
0:07 of 2nd period - Martin Hanzal wins face-off versus Boone Jenner in Punishers zone.
0:08 of 2nd period - Wrist shot by Alexandre Grenier.
0:08 of 2nd period - Shot Misses the Net.
0:10 of 2nd period - Slapshot by Martin Hanzal.
0:10 of 2nd period - Shot Misses the Net.
0:12 of 2nd period - Slapshot by Blake Pietila.
0:12 of 2nd period - Shot Misses the Net.
0:14 of 2nd period - Wrist shot by Alexandre Grenier.
0:14 of 2nd period - Shot Misses the Net.
0:16 of 2nd period - Snap shot by Martin Hanzal.
0:16 of 2nd period - Shot Misses the Net.
0:32 of 2nd period - Robbie Earl is hit by Hudson Fasching and loses puck.
0:45 of 2nd period - Wrist shot by Ladislav Nagy.
0:45 of 2nd period - Stopped by Kristers Gudlevskis with a rebound.
0:57 of 2nd period - Wrist shot by Zack Hamill.
0:57 of 2nd period - Stopped by Matt Hackett with a rebound.
1:07 of 2nd period - Wrist shot by David Laliberté.
1:07 of 2nd period - Shot Blocked by Jeffrey Foss.
1:46 of 2nd period - Icing by Kyle Rau.
1:47 of 2nd period - Zack Hamill wins face-off versus Kyle Rau in Blackdemons zone.
1:48 of 2nd period - Snap shot by David Laliberté.
1:48 of 2nd period - Stopped by Matt Hackett without a rebound.
1:49 of 2nd period - Patrice Cormier wins face-off versus Zack Hamill in Blackdemons zone.
1:58 of 2nd period - Wrist shot by Alexei Morozov.
1:58 of 2nd period - Shot Misses the Net.
2:00 of 2nd period - Snap shot by Zachary Sanford.
2:00 of 2nd period - Stopped by Kristers Gudlevskis with a rebound.
2:02 of 2nd period - Backhand shot by Zachary Sanford.
2:02 of 2nd period - Shot Misses the Net.
2:04 of 2nd period - Slapshot by Keaton Ellerby.
2:04 of 2nd period - Stopped by Kristers Gudlevskis with a rebound.
2:35 of 2nd period - Snap shot by Miikka Salomaki.
2:35 of 2nd period - Stopped by Matt Hackett with a rebound.
2:41 of 2nd period - Wrist shot by Mark Jankowski.
2:41 of 2nd period - Stopped by Matt Hackett with a rebound.
2:55 of 2nd period - Scott Timmins is hit by David Laliberté and loses puck.
3:00 of 2nd period - Wrist shot by Zack Hamill.
3:00 of 2nd period - Stopped by Matt Hackett without a rebound.
3:01 of 2nd period - Patrice Cormier wins face-off versus David Laliberté in Blackdemons zone.
3:10 of 2nd period - Snap shot by Zack Hamill.
3:10 of 2nd period - Goal by Zack Hamill - Punishers : 1 - Blackdemons : 0.
3:11 of 2nd period - Boone Jenner wins face-off versus Martin Hanzal in neutral zone.
4:58 of 2nd period - Snap shot by Alexei Morozov.
4:58 of 2nd period - Deflect By Zachary Sanford.
4:58 of 2nd period - Stopped by Kristers Gudlevskis without a rebound.
4:59 of 2nd period - Boone Jenner wins face-off versus Martin Hanzal in Punishers zone.
5:02 of 2nd period - Snap shot by Blake Pietila.
5:02 of 2nd period - Shot Misses the Net.
5:04 of 2nd period - Snap shot by Martin Hanzal.
5:04 of 2nd period - Shot Misses the Net.
5:06 of 2nd period - Wrist shot by Blake Pietila.
5:06 of 2nd period - Shot Misses the Net.
5:08 of 2nd period - Snap shot by Martin Hanzal.
5:08 of 2nd period - Stopped by Kristers Gudlevskis with a rebound.
5:10 of 2nd period - Slapshot by Jeffrey Foss.
5:10 of 2nd period - Deflect By Boone Jenner.
5:10 of 2nd period - Stopped by Kristers Gudlevskis with a rebound.
5:14 of 2nd period - Snap shot by Martin Hanzal.
5:14 of 2nd period - Shot Misses the Net.
5:48 of 2nd period - Jeffrey Foss is hit by Robbie Earl and loses puck.
5:57 of 2nd period - Snap shot by Robbie Earl.
5:57 of 2nd period - Shot Misses the Net.
5:59 of 2nd period - Wrist shot by Robbie Earl.
5:59 of 2nd period - Stopped by Matt Hackett without a rebound.
6:00 of 2nd period - Zack Hamill wins face-off versus Patrice Cormier in Blackdemons zone.
6:06 of 2nd period - Minor Penalty to Tyler Bertuzzi for Hooking.
6:07 of 2nd period - Colton Gillies wins face-off versus Patrice Cormier in Punishers zone.
8:06 of 2nd period - Penalty to Tyler Bertuzzi is over, Tyler Bertuzzi is back on ice.
8:34 of 2nd period - David Laliberté is hit by Ladislav Nagy and loses puck.
8:47 of 2nd period - Martin Hanzal is hit by Garret Ross and loses puck.
9:16 of 2nd period - Scott Timmins is hit by Miikka Salomaki and loses puck.
9:41 of 2nd period - Minor Penalty to Robbie Earl for Roughing.
9:42 of 2nd period - Patrice Cormier wins face-off versus Colton Gillies in Punishers zone.
9:45 of 2nd period - Wrist shot by Zachary Sanford.
9:45 of 2nd period - Deflect By Alexei Morozov.
9:45 of 2nd period - Stopped by Kristers Gudlevskis with a rebound.
9:47 of 2nd period - Snap shot by Yannick Weber.
9:47 of 2nd period - Goal by Yannick Weber - Punishers : 1 - Blackdemons : 1.
9:48 of 2nd period - Boone Jenner wins face-off versus Martin Hanzal in neutral zone.
10:18 of 2nd period - Slapshot by Patrice Cormier.
10:18 of 2nd period - Shot Blocked by Tyler Bertuzzi.
10:20 of 2nd period - Slapshot by Yannick Weber.
10:20 of 2nd period - Shot Blocked by David Laliberté.
10:22 of 2nd period - Wrist shot by Patrice Cormier.
10:22 of 2nd period - Shot Blocked by Stefan Elliott.
10:31 of 2nd period - Icing by David Laliberté.
10:32 of 2nd period - Mark Jankowski wins face-off versus Scott Timmins in Punishers zone.
10:59 of 2nd period - Wrist shot by Miikka Salomaki.
10:59 of 2nd period - Stopped by Matt Hackett with a rebound.
11:01 of 2nd period - Slapshot by Miikka Salomaki.
11:01 of 2nd period - Deflect By Garret Ross.
11:01 of 2nd period - Deflect By Scott Timmins.
11:01 of 2nd period - Stopped by Matt Hackett without a rebound.
11:02 of 2nd period - Robbie Earl wins face-off versus Martin Hanzal in Blackdemons zone.
11:12 of 2nd period - Minor Penalty to Jordan Schmaltz for Tripping.
11:13 of 2nd period - Blake Pietila wins face-off versus Colton Gillies in Punishers zone.
11:21 of 2nd period - Snap shot by Blake Pietila.
11:21 of 2nd period - Stopped by Kristers Gudlevskis with a rebound.
11:23 of 2nd period - Slapshot by Yannick Weber.
11:23 of 2nd period - Deflect By Martin Hanzal.
11:23 of 2nd period - Stopped by Kristers Gudlevskis without a rebound.
11:24 of 2nd period - Patrice Cormier wins face-off versus Colton Gillies in Punishers zone.
12:15 of 2nd period - Blake Pietila is hit by David Laliberté and loses puck.
13:12 of 2nd period - Penalty to Jordan Schmaltz is over, Jordan Schmaltz is back on ice.
14:34 of 2nd period - Yannick Weber is hit by Mark Jankowski and loses puck.
14:52 of 2nd period - Icing by Adam Pelech.
14:53 of 2nd period - Boone Jenner wins face-off versus Patrice Cormier in Punishers zone.
14:53 of 2nd period - Boone Jenner is hit by Alexei Morozov.
14:58 of 2nd period - Off-side.
14:59 of 2nd period - Mattias Tedenby wins face-off versus Martin Hanzal in neutral zone.
15:13 of 2nd period - Slapshot by Roman Josi.
15:13 of 2nd period - Stopped by Kristers Gudlevskis with a rebound.
15:21 of 2nd period - Minor Penalty to Madison Bowey for Diving.
15:22 of 2nd period - Martin Hanzal wins face-off versus Colton Gillies in Punishers zone.
15:47 of 2nd period - Zachary Sanford is hit by Stefan Elliott.
15:51 of 2nd period - Snap shot by David Laliberté.
15:51 of 2nd period - Deflect By Keaton Ellerby.
15:51 of 2nd period - Shot Misses the Net.
15:51 of 2nd period - Puck is out of play.
15:52 of 2nd period - Patrice Cormier wins face-off versus David Laliberté in Blackdemons zone.
16:05 of 2nd period - Snap shot by Alexei Morozov.
16:05 of 2nd period - Goal by Alexei Morozov - Punishers : 1 - Blackdemons : 2.
16:06 of 2nd period - Patrice Cormier wins face-off versus Boone Jenner in neutral zone.
16:17 of 2nd period - Wrist shot by Alexei Morozov.
16:17 of 2nd period - Deflect By Boone Jenner.
16:17 of 2nd period - Stopped by Kristers Gudlevskis with a rebound.
16:19 of 2nd period - Penalty Shot by Adam Pelech for Punishers.
16:19 of 2nd period - Backhand shot by Adam Pelech.
16:19 of 2nd period - Goal by Adam Pelech - Punishers : 2 - Blackdemons : 2.
16:20 of 2nd period - Martin Hanzal wins face-off versus Boone Jenner in neutral zone.
16:21 of 2nd period - Boone Jenner wins face-off versus Martin Hanzal in Punishers zone.
16:25 of 2nd period - Minor Penalty to Boone Jenner for Roughing.
16:26 of 2nd period - Colton Gillies wins face-off versus Martin Hanzal in Punishers zone.
16:31 of 2nd period - Icing by Martin Hanzal.
16:32 of 2nd period - Colton Gillies wins face-off versus Martin Hanzal in Blackdemons zone.
18:25 of 2nd period - Penalty to Boone Jenner is over, Boone Jenner is back on ice.
18:33 of 2nd period - Wrist shot by Kyle Rau.
18:33 of 2nd period - Stopped by Kristers Gudlevskis with a rebound.
18:37 of 2nd period - Wrist shot by Max Friberg.
18:37 of 2nd period - Goal by Max Friberg - Punishers : 2 - Blackdemons : 3.
18:38 of 2nd period - Martin Hanzal wins face-off versus Boone Jenner in neutral zone.
19:03 of 2nd period - Boone Jenner is hit by Jeffrey Foss and loses puck.
19:39 of 2nd period - Zachary Sanford is hit by Zack Hamill and loses puck.
Goals for this period are 2 for Punishers vs 3 for Blackdemons.
Shots for this period are 9 for Punishers vs 16 for Blackdemons.
3rd period
0:01 of 3rd period - Martin Hanzal wins face-off versus Boone Jenner in neutral zone.
0:04 of 3rd period - Snap shot by Blake Pietila.
0:04 of 3rd period - Stopped by Kristers Gudlevskis with a rebound.
0:09 of 3rd period - Off-side.
0:10 of 3rd period - Boone Jenner wins face-off versus Martin Hanzal in neutral zone.
0:15 of 3rd period - Snap shot by Robbie Earl.
0:15 of 3rd period - Shot Misses the Net.
0:17 of 3rd period - Slapshot by Adam Pelech.
0:17 of 3rd period - Stopped by Matt Hackett without a rebound.
0:18 of 3rd period - Boone Jenner wins face-off versus Martin Hanzal in Blackdemons zone.
0:29 of 3rd period - Slapshot by Blake Pietila.
0:29 of 3rd period - Stopped by Kristers Gudlevskis with a rebound.
0:45 of 3rd period - Adam Pelech is hit by Patrice Cormier and loses puck.
1:42 of 3rd period - Slapshot by Alexandre Grenier.
1:42 of 3rd period - Shot Misses the Net.
1:56 of 3rd period - Snap shot by David Laliberté.
1:56 of 3rd period - Shot Misses the Net.
2:35 of 3rd period - Tyler Bertuzzi is hit by Alexei Morozov.
2:47 of 3rd period - Icing by Patrice Cormier.
2:48 of 3rd period - Martin Hanzal wins face-off versus Mark Jankowski in Blackdemons zone.
2:58 of 3rd period - Slapshot by Martin Hanzal.
2:58 of 3rd period - Deflect By Alexandre Grenier.
2:58 of 3rd period - Shot Misses the Net.
2:58 of 3rd period - Puck is out of play.
2:59 of 3rd period - Alexandre Grenier wins face-off versus Boone Jenner in Punishers zone.
3:13 of 3rd period - Off-side.
3:14 of 3rd period - Patrice Cormier wins face-off versus Zack Hamill in neutral zone.
3:23 of 3rd period - Snap shot by Patrice Cormier.
3:23 of 3rd period - Shot Misses the Net.
3:39 of 3rd period - Martin Hanzal is hit by Mattias Tedenby and loses puck.
3:59 of 3rd period - Icing by Mark Jankowski.
4:00 of 3rd period - Mark Jankowski wins face-off versus Scott Timmins in Punishers zone.
4:29 of 3rd period - Snap shot by Stefan Elliott.
4:29 of 3rd period - Deflect By Robbie Earl.
4:29 of 3rd period - Shot Misses the Net.
4:29 of 3rd period - Puck is out of play.
4:30 of 3rd period - Martin Hanzal wins face-off versus Boone Jenner in Blackdemons zone.
4:54 of 3rd period - Madison Bowey is hit by Alexei Morozov and loses puck.
5:18 of 3rd period - Slapshot by Zack Hamill.
5:18 of 3rd period - Shot Misses the Net.
5:20 of 3rd period - Slapshot by David Laliberté.
5:20 of 3rd period - Goal by David Laliberté - Punishers : 3 - Blackdemons : 3.
5:21 of 3rd period - Zack Hamill wins face-off versus Martin Hanzal in neutral zone.
5:26 of 3rd period - Snap shot by Zack Hamill.
5:26 of 3rd period - Stopped by Matt Hackett without a rebound.
5:27 of 3rd period - Zack Hamill wins face-off versus Martin Hanzal in Blackdemons zone.
5:37 of 3rd period - Off-side.
5:38 of 3rd period - Boone Jenner wins face-off versus Martin Hanzal in neutral zone.
6:17 of 3rd period - Slapshot by Ladislav Nagy.
6:17 of 3rd period - Shot Misses the Net.
6:25 of 3rd period - Minor Penalty to Boone Jenner for Elbowing.
6:26 of 3rd period - Patrice Cormier wins face-off versus Colton Gillies in Punishers zone.
6:29 of 3rd period - Snap shot by Patrice Cormier.
6:29 of 3rd period - Shot Misses the Net.
6:31 of 3rd period - Snap shot by Patrice Cormier.
6:31 of 3rd period - Stopped by Kristers Gudlevskis without a rebound.
6:32 of 3rd period - Patrice Cormier wins face-off versus Colton Gillies in Punishers zone.
7:09 of 3rd period - Snap shot by Martin Hanzal.
7:09 of 3rd period - Shot Blocked by Madison Bowey.
8:19 of 3rd period - Jeffrey Foss is hit by Radek Faksa and loses puck.
8:25 of 3rd period - Penalty to Boone Jenner is over, Boone Jenner is back on ice.
9:13 of 3rd period - Snap shot by Blake Pietila.
9:13 of 3rd period - Stopped by Kristers Gudlevskis with a rebound.
9:29 of 3rd period - Wrist shot by Martin Hanzal.
9:29 of 3rd period - Deflect By Blake Pietila.
9:29 of 3rd period - Stopped by Kristers Gudlevskis with a rebound.
9:35 of 3rd period - Wrist shot by Martin Hanzal.
9:35 of 3rd period - Stopped by Kristers Gudlevskis with a rebound.
9:37 of 3rd period - Wrist shot by Hudson Fasching.
9:37 of 3rd period - Stopped by Kristers Gudlevskis with a rebound.
9:39 of 3rd period - Slapshot by Roman Josi.
9:39 of 3rd period - Shot Blocked by Patrick Wiercioch.
9:41 of 3rd period - Slapshot by Roman Josi.
9:41 of 3rd period - Stopped by Kristers Gudlevskis with a rebound.
9:43 of 3rd period - Snap shot by Hudson Fasching.
9:43 of 3rd period - Shot Blocked by Boone Jenner.
9:45 of 3rd period - Slapshot by Roman Josi.
9:45 of 3rd period - Stopped by Kristers Gudlevskis with a rebound.
9:47 of 3rd period - Slapshot by Keaton Ellerby.
9:47 of 3rd period - Stopped by Kristers Gudlevskis without a rebound.
9:48 of 3rd period - Patrice Cormier wins face-off versus Zack Hamill in Punishers zone.
10:13 of 3rd period - Zachary Sanford is hit by Robbie Earl and loses puck.
10:22 of 3rd period - Icing by Patrice Cormier.
10:23 of 3rd period - Zack Hamill wins face-off versus Patrice Cormier in Blackdemons zone.
10:32 of 3rd period - David Laliberté is hit by Alexei Morozov and loses puck.
10:51 of 3rd period - Slapshot by Patrice Cormier.
10:51 of 3rd period - Shot Misses the Net.
10:53 of 3rd period - Wrist shot by Zachary Sanford.
10:53 of 3rd period - Shot Misses the Net.
11:09 of 3rd period - Snap shot by Alexei Morozov.
11:09 of 3rd period - Stopped by Kristers Gudlevskis with a rebound.
11:11 of 3rd period - Wrist shot by Patrice Cormier.
11:11 of 3rd period - Shot Misses the Net.
11:13 of 3rd period - Wrist shot by Alexei Morozov.
11:13 of 3rd period - Stopped by Kristers Gudlevskis with a rebound.
11:15 of 3rd period - Slapshot by Yannick Weber.
11:15 of 3rd period - Shot Misses the Net.
11:17 of 3rd period - Snap shot by Zachary Sanford.
11:17 of 3rd period - Shot Blocked by Madison Bowey.
11:19 of 3rd period - Wrist shot by Alexei Morozov.
11:19 of 3rd period - Shot Misses the Net.
11:23 of 3rd period - Snap shot by Patrice Cormier.
11:23 of 3rd period - Stopped by Kristers Gudlevskis without a rebound.
11:24 of 3rd period - Zack Hamill wins face-off versus Kyle Rau in Punishers zone.
11:39 of 3rd period - David Laliberté is hit by Sergei Plotnikov and loses puck.
12:46 of 3rd period - Wrist shot by Robbie Earl.
12:46 of 3rd period - Shot Blocked by Charles-Olivier Roussel.
13:37 of 3rd period - Icing by Adam Pelech.
13:38 of 3rd period - Mattias Tedenby wins face-off versus Martin Hanzal in Punishers zone.
14:06 of 3rd period - Slapshot by Miikka Salomaki.
14:06 of 3rd period - Goal by Miikka Salomaki - Punishers : 4 - Blackdemons : 3.
14:07 of 3rd period - Martin Hanzal wins face-off versus Zack Hamill in neutral zone.
14:18 of 3rd period - Snap shot by Alexandre Grenier.
14:18 of 3rd period - Shot Blocked by Stefan Elliott.
15:59 of 3rd period - Wrist shot by Garret Ross.
15:59 of 3rd period - Stopped by Matt Hackett without a rebound.
16:00 of 3rd period - Mark Jankowski wins face-off versus Scott Timmins in Blackdemons zone.
16:01 of 3rd period - Snap shot by Garret Ross.
16:01 of 3rd period - Stopped by Matt Hackett with a rebound.
16:03 of 3rd period - Wrist shot by Adam Pelech.
16:03 of 3rd period - Shot Blocked by Hudson Fasching.
16:05 of 3rd period - Snap shot by Mark Jankowski.
16:05 of 3rd period - Shot Misses the Net.
16:35 of 3rd period - Wrist shot by Garret Ross.
16:35 of 3rd period - Shot Blocked by Yannick Weber.
16:41 of 3rd period - Miikka Salomaki is hit by Yannick Weber and loses puck.
17:22 of 3rd period - Icing by Mattias Tedenby.
17:23 of 3rd period - Boone Jenner wins face-off versus Martin Hanzal in Punishers zone.
17:51 of 3rd period - Slapshot by Adam Pelech.
17:51 of 3rd period - Shot Blocked by Brett Kulak.
18:16 of 3rd period - Wrist shot by Max Friberg.
18:16 of 3rd period - Goal by Max Friberg - Punishers : 4 - Blackdemons : 4.
18:17 of 3rd period - Mark Jankowski wins face-off versus Ladislav Nagy in neutral zone.
18:43 of 3rd period - Wrist shot by Robbie Earl.
18:43 of 3rd period - Shot Misses the Net.
19:07 of 3rd period - Wrist shot by Ladislav Nagy.
19:07 of 3rd period - Shot Misses the Net.
19:26 of 3rd period - Minor Penalty to Mattias Tedenby for Tripping.
19:27 of 3rd period - Patrice Cormier wins face-off versus Colton Gillies in Punishers zone.
Goals for this period are 2 for Punishers vs 1 for Blackdemons.
Shots for this period are 6 for Punishers vs 14 for Blackdemons.
Overtime #1
0:01 of 1st overtime period - Alexei Morozov wins face-off versus Robbie Earl in neutral zone.
0:05 of 1st overtime period - Minor Penalty to Robbie Earl for Hooking.
0:06 of 1st overtime period - Carter Ashton wins face-off versus Patrice Cormier in Punishers zone.
0:15 of 1st overtime period - Wrist shot by Stefan Elliott.
0:15 of 1st overtime period - Deflect By Carter Ashton.
0:15 of 1st overtime period - Shot Misses the Net.
0:15 of 1st overtime period - Puck is out of play.
0:16 of 1st overtime period - Carter Ashton wins face-off versus Zachary Sanford in Blackdemons zone.
0:19 of 1st overtime period - Snap shot by Carter Ashton.
0:19 of 1st overtime period - Shot Blocked by Patrice Cormier.
0:34 of 1st overtime period - Stefan Elliott is hit by Alexei Morozov and loses puck.
0:43 of 1st overtime period - Snap shot by Alexei Morozov.
0:43 of 1st overtime period - Shot Misses the Net.
0:45 of 1st overtime period - Snap shot by Patrice Cormier.
0:45 of 1st overtime period - Goal by Patrice Cormier - Punishers : 4 - Blackdemons : 5.
Goals for this period are 0 for Punishers vs 1 for Blackdemons.
Shots for this period are 0 for Punishers vs 1 for Blackdemons.
Back to the Top